 Dungeon Crawl Stone Soup version 0.31-a0-844-gdc52ec4e09 (webtiles) character file.

Game seed: 1706363391559231440

18234 Flugkiller the Fighter (level 12, -7/115 HPs)
             Began as an Armataur Summoner on Sept 29, 2023.
             Was a High Priest of the Shining One.
             Mangled by a large abomination (19 damage)
             ... on level 12 of the Dungeon.
             The game lasted 00:26:13 (14581 turns).

Flugkiller the Fighter (Armataur Summoner)         Turns: 14581, Time: 00:26:13

Health: -7/115     AC: 20    Str: 19      XL:     12   Next: 25%
Magic:  13/19      EV:  9    Int: 15 (16) God:    the Shining One [*****.]
Gold:   989        SH:  0    Dex: 11 (12) Spells: 13/21 levels left

rFire   + + .        N - +4 halberd
rCold   . . .        (shield currently unavailable)
rNeg    + + .        E - +2 ring mail {rPois}
rPois   +            R - +2 helmet
rElec   .            C - +0 cloak
rCorr   .            k - +2 pair of gloves
SInv    .            (no barding)
Will    +....        (no amulet)
Stlth   +            p - +4 ring of protection
HPRegen 0.39/turn    y - ring of Zietan {Fly rF++ AC+4 Slay+3}
MPRegen 0.16/turn

%: roll
@: corroded, flying, glowing
A: large, rugged brown scales 3, deformed body, armoured tail, roll, long
tongue, awkward tongue, stinger 1, thin skeletal structure 1, deterioration 1,
strong-willed 1, sturdy frame 1
a: Renounce Religion, Divine Shield, Cleansing Flame, Summon Divine Warrior


You were on level 12 of the Dungeon.
You worshipped the Shining One.
The Shining One was extremely pleased with you.
You visited 2 branches of the dungeon, and saw 14 of its levels.
You also visited: Bailey.

You collected 1086 gold pieces.
You spent 97 gold pieces at shops.

Inventory:

Hand Weapons
 e - the +4 broad axe of Sosul {venom, Str+5 SInv}
   (You found it in a bailey)

   Str+5:     It affects your strength (+5).
   SInv:      It lets you see invisible.
 j - a +0 spear
   (You found it on level 2 of the Dungeon)
 J - a +4 dire flail
   (You took it off a wight on level 8 of the Dungeon)
 M - a +4 morningstar
   (You took it off a wight on level 8 of the Dungeon)
 N - a +4 halberd (weapon)
   (You took it off a wight on level 8 of the Dungeon)
Missiles
 n - 2 throwing nets
 L - 10 curare-tipped darts (quivered)
Armour
 k - a +2 pair of gloves (worn)
   (You found it on level 2 of the Dungeon)
 C - a +0 cloak (worn)
   (You found it on level 5 of the Dungeon)
 E - a +2 ring mail of poison resistance (worn)
   (You found it on level 9 of the Dungeon)
 O - a scarf of resistance
   (You found it on level 8 of the Dungeon)
 R - a +2 helmet (worn)
   (You found it on level 11 of the Dungeon)
 T - a +0 buckler
   (You found it on level 4 of the Dungeon)
 U - a +0 kite shield
   (You took it off a tengu warrior on level 12 of the Dungeon)
Jewellery
 i - a ring of wizardry
   (You found it on level 2 of the Dungeon)
 m - an amulet of faith
   (You took it off a hobgoblin on level 2 of the Dungeon)
 o - a ring of poison resistance
   (You found it on level 12 of the Dungeon)
 p - a +4 ring of protection (left hand)
   (You took it off a kobold on level 2 of the Dungeon)
 s - a ring of magical power
   (You found it on level 2 of the Dungeon)
 y - the ring of Zietan (right hand) {Fly rF++ AC+4 Slay+3}
   (You took it off a centaur warrior on level 10 of the Dungeon)

   [ring of protection]

   AC+4:      It affects your AC (+4).
   Slay+3:    It affects your accuracy & damage with ranged weapons and melee
   (+3).
   rF++:      It greatly protects you from fire.
   Fly:       It grants you flight.
Talismans
 B - a beast talisman
   (You found it on level 1 of the Dungeon)
Wands
 a - a wand of mindburst (4)
   (You found it on level 5 of the Dungeon)
 w - a wand of roots (6)
   (You found it on level 11 of the Dungeon)
 I - a wand of quicksilver (5)
   (You found it on level 4 of the Dungeon)
 Q - a wand of flame (4)
   (You found it in a bailey)
Scrolls
 f - 4 scrolls of poison
 l - a scroll of vulnerability
 r - a scroll of identify
 t - 4 scrolls of teleportation
 x - a scroll of brand weapon
 z - a scroll of blinking
 D - a scroll of summoning {unknown}
 F - a scroll of revelation {unknown}
 H - 3 scrolls of amnesia
 K - a scroll of immolation {unknown}
Potions
 b - a potion of magic
 c - 4 potions of ambrosia
 d - 3 potions of might
 g - 2 potions of heal wounds {unknown}
 h - 3 potions of haste
 q - 4 potions of curing
 u - 2 potions of mutation
 v - 2 potions of brilliance
 A - 5 potions of attraction
 G - 2 potions of cancellation
 P - 4 potions of enlightenment
Miscellaneous
 S - a sack of spiders
   (You found it on level 12 of the Dungeon)


   Skills:
 + Level 10.7 Fighting
 + Level 3.4(5.2) Axes
 - Level 6.0(6.4) Polearms
 - Level 6.0 Armour
 - Level 1.3 Dodging
 - Level 2.1 Stealth
 - Level 5.0 Spellcasting
 - Level 8.0 Summonings
 - Level 4.0 Air Magic
 + Level 4.2 Invocations
 + Level 6.0 Evocations


You had 13 spell levels left.
You knew the following spells:

 Your Spells              Type           Power      Damage    Failure   Level
a - Summon Small Mammal   Summ           100%       N/A       1%          1
c - Call Canine Familiar  Summ           27%        N/A       2%          3
d - Summon Lightning Spi  Summ/Air       21%        N/A       17%         4

Your spell library contained the following spells:

 Spells                   Type           Power      Damage    Failure   Level
 Call Imp                 Summ           54%        N/A       1%          2
 Summon Guardian Golem    Hex/Summ       15%        N/A       12%         3
 Swiftness                Air            15%        N/A       12%         3
 Ensorcelled Hibernation  Hex/Ice        6%         N/A       30%         2
 Passwall                 Tmut/Erth      2%         N/A       30%         2
 Ozocubu's Armour         Ice            3%         N/A       52%         3
 Ozocubu's Refrigeration  Ice            1%         4d7       100%        7


Dungeon Overview and Level Annotations

Branches:
Dungeon (13/15) Zot: 26251  Temple (1/1) D:4 Zot: 5987    Lair (0/5) D:8
    Orc (0/2) D:11         Bailey (visited)
 Vaults: D:13-14

Altars:
Ashenzari
Cheibriados
Dithmenos
Elyvilon
Fedhas
Gozag
Hepliaklqana
Kikubaaqudgha
Makhleb
Nemelex Xobeh
Okawaru
Qazlal
Ru
Sif Muna
Trog
Uskayaw
Vehumet
Wu Jian
Xom
Yredelemnul
Zin
The Shining One

Shops:
D:7 ?   D:9 *   D:11 (

Annotations:
D:4 2 transporters, Cris's ghost, amateur DsAE


Innate Abilities, Weirdness & Mutations

You are completely covered in rugged brown scales. (AC +3, +7% HP)
Armour fits poorly on your strangely shaped body.
You have a long armoured tail.
You roll when moving toward enemies. (Rampage)
Your long tongue fully drains potion bottles. (2x potion effects)
Your tongue gives you trouble enunciating. (1.5x scroll delay)
Your tail ends in a venomous barb.
You have a somewhat thin skeletal structure. (Dex +2, Stealth+)
Your body sometimes deteriorates upon taking damage.
You are strong-willed. (Will+)
Your movements are slightly less encumbered by armour. (ER -2)


Message History

The small abomination is heavily damaged.
The small abomination barely misses you.
You puncture the small abomination! You tail-slap the small abomination.
The small abomination is almost destroyed.
The small abomination hits you.
The small abomination barely misses you.
You puncture the small abomination!
You destroy the small abomination!
The Shining One accepts your kill.
You feel better.
Casting: Summon Lightning Spire (dangerous; 16% risk of failure)
Confirm with . or Enter, or press ? or * to list all spells.
An electric hum fills the air.
The large abomination hits you but does no damage.
The large abomination attacks as it pursues you!
The large abomination hits you!
Your lightning spire shoots out a bolt of lightning at the large abomination!
The bolt of electricity hits the large abomination!
The bolt of electricity hits the large abomination.
The bolt of electricity hits the large abomination but does no damage.
Your lightning spire shoots out a bolt of lightning at the large abomination!
The bolt of electricity hits the large abomination.
The large abomination hits your lightning spire.
There is a stone staircase leading up here.
You are too injured to fight recklessly!
You fly upwards.
There is a stone staircase leading down here.
There is an open door here.
There is an open door here.
There is an open door here.
Magic restored.
There is an open door here.
There is an open door here.
There is an open door here.
There is an open door here.
You reach down and open the door.
There is an open door here.
There is a stone staircase leading down, spattered with blood here.
You start resting.
HP restored.
You fly downwards.
There is a stone staircase leading up, spattered with blood here.
Casting: Summon Lightning Spire (dangerous; 16% risk of failure)
Confirm with . or Enter, or press ? or * to list all spells.
An electric hum fills the air.
An acid dragon comes into view.
You reach to attack!
The acid dragon roars!
You hit the large abomination but do no damage.
The large abomination is moderately damaged.
The acid dragon spits acid at you. The splash of acid hits you!!
The acid corrodes you!
The large abomination barely misses you.
You fly upwards.
There is a stone staircase leading down, spattered with blood here.
Casting: Summon Lightning Spire (dangerous; 16% risk of failure)
Confirm with . or Enter, or press ? or * to list all spells.
An electric hum fills the air.
The large abomination hits you!!
Your body deteriorates!
You feel clumsy.
You are too injured to fight recklessly!
You are too injured to fight recklessly!
You hit the large abomination but do no damage.
The large abomination is moderately damaged.
The large abomination hits you!!
Your body deteriorates!
You feel dopey.
You hit the large abomination. You tail-slap the large abomination.
The large abomination is heavily damaged.
The large abomination hits you but does no damage.
The large abomination attacks as it pursues you!
The large abomination hits you but does no damage.
Things that are here:
a +0 kite shield; a +0 leather armour; a +0 war axe
Press: ? - help, v - describe, . - travel The floor.
This square is lit by a halo.
Press: ? - help, v - describe, . - travel
Here: a large abomination (heavily damaged, ally target, haloed)
A stone staircase leading down, spattered with blood.
Unknown command.
You feel better.
You slurp down every last drop of the potion of curing!
The large abomination hits you!!
* * * LOW HITPOINT WARNING * * *
You hit the large abomination but do no damage.
The large abomination is heavily damaged.
The large abomination closely misses you.
Your lightning spire shoots out a bolt of lightning at the large abomination!
The bolt of electricity hits the large abomination!
You slash the large abomination!
The large abomination is severely damaged.
The large abomination closely misses you.
Your lightning spire shoots out a bolt of lightning at the large abomination!
The bolt of electricity hits the large abomination!
You hit the large abomination but do no damage.
You tail-slap the large abomination.
The large abomination is almost destroyed.
The large abomination hits you!
* * * LOW HITPOINT WARNING * * *
The large abomination hits you!!
You die...

.......#######..........##.#.....
####.### #.....)....##.'..... #.#
#..........####..... #.#
#..........# ###### #.#
########'### ## ##+### #.....# #.
###....# ###'##### #. ^.'....####
#......# #.
.##....'..#####.@X...####### #.
###....##....##......'.....#####.
#....#####..'8.....#####.......
#....# ####.....[# #######.
###'## #......# ##. ###..#
#......# #.. #...## #####'## #.#
#.### #.....# #.#
##'############'###### #.#


You could see a large abomination (ally target) and a friendly lightning spire
(summoned).

Vanquished Creatures
  A hydra (D:13)
  A centaur warrior (D:10)
  A tengu warrior (D:12)
  Urug (D:10)
  A large abomination (D:13)
  A wizard (D:10)
  Pikel (D:7)
  A manticore (D:12)
  4 cyclopes
  2 gargoyles
  A tengu conjurer (D:13)
  A troll (D:11)
  A culicivora (shapeshifter) (D:9)
  9 yaks
  A vampire (D:10)
  2 water elementals (D:13)
  2 shadows (D:12)
  A basilisk (D:12)
  Menkaure (D:7)
  6 vampire mosquitoes
  An acid dragon (D:12)
  A water moccasin (D:7)
  4 orc warriors
  A sky beast (D:8)
  4 centaurs
  A phantom (D:5)
  4 kobold brigands
  2 bullfrogs
  2 gnoll sergeants
  4 small abominations (D:13)
  7 wights (D:8)
  5 killer bees
  An electric eel (D:13)
  2 howler monkeys (D:11)
  2 hounds
  2 orc priests
  A jelly (D:8)
  A sleepcap (D:4)
  Natasha (twice) (D:1)
  An iguana (D:5)
  5 orc wizards
  6 nameless horrors
  A centaur simulacrum (D:10)
  A mummy (D:7)
  5 gnolls
  5 adders
  A white imp (D:3)
  4 worms
  3 dart slugs
  11 orcs
  7 endoplasms
  5 giant cockroaches
  7 goblins
  3 hobgoblins
  7 jackals (D:1)
  4 quokkas
  3 ball pythons
  4 bats
  2 hobgoblin zombies (D:7)
  7 kobolds
  A kobold zombie (D:7)
  An orc zombie (D:7)
  4 rats
184 creatures vanquished.

Vanquished Creatures (collateral kills)
  An ogre mage (D:10)
  A wizard (D:13)
  2 manticores
  A komodo dragon (D:8)
  A jumping spider (shapeshifter) (D:10)
  A shadow (D:11)
  A wraith (D:9)
  3 yaks
  A steam dragon (D:8)
  A vampire mosquito (D:13)
  Edmund (D:5)
  An acid dragon (D:10)
  2 orc warriors
  A black bear (D:5)
  An ice beast (D:6)
  2 centaurs
  A lemure (D:7)
  4 kobold brigands
  A bullfrog (D:5)
  2 gnoll sergeants
  2 scorpions (D:5)
  A wight (D:8)
  3 killer bees (D:9)
  A nameless horror (D:8)
  2 orc priests
  2 iguanas (D:6)
  2 sleepcaps (D:4)
  4 orc wizards
  Natasha (D:1)
  14 gnolls
  5 adders
  2 white imps (D:7)
  3 worms
  A dart slug (D:2)
  7 orcs
  3 ball pythons
  4 endoplasms
  A giant cockroach (D:1)
  5 goblins
  3 hobgoblins
  4 jackals (D:1)
  17 kobolds
  A quokka (D:5)
  2 bats (D:1)
  2 frilled lizards
  5 rats
126 creatures vanquished.

Grand Total: 310 creatures vanquished

Notes
Turn   | Place    | Note
-------+----------+-------------------------------------------
     0 | D:1      | Flugkiller the Armataur Summoner began the quest for the
                  | Orb.
     0 | D:1      | Reached XP level 1. HP: 14/14 MP: 3/3
   146 | D:1      | Reached skill level 1 in Fighting
   333 | D:1      | Reached XP level 2. HP: 24/24 MP: 3/5
   354 | D:1      | Learned a level 2 spell: Call Imp
   622 | D:1      | Reached XP level 3. HP: 20/31 MP: 2/6
  1067 | D:2      | Learned a level 3 spell: Call Canine Familiar
  1081 | D:2      | Noticed Natasha
  1226 | D:1      | HP: 1/31 [Natasha/magic dart (7)]
  1227 | D:1      | Killed Natasha
  1228 | D:1      | Reached skill level 2 in Fighting
  1230 | D:1      | Noticed Natasha
  1350 | D:2      | Reached XP level 4. HP: 38/38 MP: 0/7
  1518 | D:1      | Killed Natasha
  1767 | D:1      | Noticed Natasha
  1781 | D:1      | Killed Natasha
  2345 | D:2      | Reached XP level 5. HP: 43/47 MP: 5/8
  2405 | D:2      | Reached skill level 3 in Fighting
  3168 | D:3      | Found an ornate altar of the Wu Jian Council.
  3458 | D:4      | Found a transporter.
  3462 | D:4      | Found a staircase to the Ecumenical Temple.
  3475 | Temple   | Entered the Ecumenical Temple
  3481 | Temple   | Became a worshipper of the Shining One
  3504 | D:4      | Reached skill level 5 in Summonings
  3545 | D:4      | Noticed a nameless horror
  3558 | D:4      | Killed a nameless horror
  3713 | D:4      | Reached XP level 6. HP: 54/54 MP: 9/9
  3787 | D:4      | Reached skill level 1 in Armour
  4075 | D:4      | Found a transporter.
  4080 | D:4      | Noticed Cris's ghost (amateur DsAE)
  4300 | D:5      | Entered Level 5 of the Dungeon
  4492 | D:5      | Reached XP level 7. HP: 54/62 MP: 11/11
  4519 | D:5      | Learned a level 4 spell: Summon Lightning Spire
  4633 | D:5      | Noticed Edmund
  4644 | D:5      | Killed Edmund
  4845 | D:5      | Reached skill level 4 in Fighting
  5474 | D:6      | Found an ancient bone altar of Kikubaaqudgha.
  5696 | D:6      | Found a bloodstained altar of Trog.
  5777 | D:6      | Reached * piety under the Shining One
  5785 | D:6      | Reached XP level 8. HP: 65/70 MP: 13/13
  6562 | D:7      | Noticed Pikel
  6604 | D:7      | Killed Pikel
  6605 | D:7      | Reached skill level 5 in Spellcasting
  6610 | D:7      | Reached skill level 1 in Air Magic
  6610 | D:7      | Reached skill level 1 in Evocations
  6694 | D:7      | Noticed Menkaure
  6718 | D:7      | Killed Menkaure
  6719 | D:7      | Reached XP level 9. HP: 11/77 MP: 16/16
  7508 | D:7      | Found Ewiw Xae's Magic Scroll Boutique.
  7513 | D:7      | Bought a scroll of enchant armour for 97 gold pieces
  7580 | D:7      | Gained mutation: You are agile. (Dex +4, Str/Int -1)
                  | [potion of mutation]
  7580 | D:7      | Gained mutation: Your skin changes colour to match your
                  | surroundings (Stealth+). [potion of mutation]
  7580 | D:7      | Gained mutation: You have a pair of small horns on your
                  | head. [potion of mutation]
  7766 | D:8      | Reached skill level 5 in Armour
  7861 | D:8      | Reached ** piety under the Shining One
  8072 | D:8      | Reached skill level 1 in Polearms
  8203 | D:8      | Reached skill level 5 in Fighting
  8719 | D:8      | Reached XP level 10. HP: 79/88 MP: 13/17
  8742 | D:8      | Found a sacrificial altar of Ru.
  9182 | D:8      | Found a staircase to the Lair.
  9195 | D:8      | Reached skill level 6 in Fighting
  9380 | D:8      | Lost mutation: You are agile. (Dex +4, Str/Int -1) [potion
                  | of mutation]
  9380 | D:8      | Lost mutation: You have a pair of small horns on your head.
                  | [potion of mutation]
  9380 | D:8      | Lost mutation: Your skin changes colour to match your
                  | surroundings (Stealth+). [potion of mutation]
  9380 | D:8      | Gained mutation: You have a somewhat thin skeletal
                  | structure. (Dex +2, Stealth+) [potion of mutation]
  9380 | D:8      | Gained mutation: Your tail ends in a venomous barb. [potion
                  | of mutation]
  9380 | D:8      | Gained mutation: Your movements are slightly less
                  | encumbered by armour. (ER -2) [potion of mutation]
  9380 | D:8      | Gained mutation: Your body sometimes deteriorates upon
                  | taking damage. [potion of mutation]
  9380 | D:8      | Gained mutation: You are strong-willed. (Will+) [potion of
                  | mutation]
  9459 | D:9      | Reached *** piety under the Shining One
  9490 | D:9      | Reached skill level 5 in Polearms
  9691 | D:9      | Found a flagged portal.
  9723 | Bailey   | Entered a bailey
 10037 | Bailey   | Identified the +4 broad axe of Sosul {venom, Str+5 SInv}
 10235 | Bailey   | Found a burning altar of Makhleb.
 10345 | D:9      | Noticed a gargoyle
 10358 | D:9      | Killed a gargoyle
 10463 | D:9      | Found Yloqirgh's Demolitions Depot.
 10802 | D:10     | Entered Level 10 of the Dungeon
 11151 | D:10     | Noticed Urug
 11178 | D:10     | Killed Urug
 11234 | D:10     | Reached skill level 7 in Fighting
 11412 | D:10     | Identified the ring of Zietan {Fly rF++ AC+4 Slay+3}
 11412 | D:10     | Noticed a centaur warrior
 11420 | D:10     | Killed a centaur warrior
 11421 | D:10     | Reached XP level 11. HP: 97/100 MP: 14/18
 11564 | D:10     | Reached skill level 8 in Fighting
 12156 | D:10     | Noticed a wizard
 12156 | D:10     | Noticed an ogre mage
 12171 | D:10     | Killed an ogre mage
 12172 | D:10     | Reached skill level 9 in Fighting
 12172 | D:10     | Killed a wizard
 12252 | D:10     | Found a shimmering blue altar of Sif Muna.
 12373 | D:11     | Found a staircase to the Orcish Mines.
 12758 | D:11     | Reached skill level 10 in Fighting
 12792 | D:11     | Found Kyech's Weapon Emporium.
 13035 | D:12     | Reached skill level 1 in Invocations
 13177 | D:12     | Reached **** piety under the Shining One
 13182 | D:12     | Reached skill level 1 in Axes
 13493 | D:12     | Reached skill level 5 in Evocations
 13850 | D:13     | Noticed a tengu warrior
 13863 | D:12     | Killed a tengu warrior
 13947 | D:13     | Reached XP level 12. HP: 89/114 MP: 15/19
 14222 | D:13     | Noticed an eight-headed hydra
 14268 | D:13     | Killed an eight-headed hydra
 14376 | D:13     | Reached ***** piety under the Shining One
 14581 | D:12     | Mangled by a large abomination

Illustrated notes

Levels and vault maps discovered:
D:1:      minmay_arrival_four_loops, layout_loops_ring
D:2:      layout_rooms, minmay_joined_circles, uniq_natasha
D:3:      layout_rooms, lemuel_tele_altar, roderic_roman_lattice,
          grunt_ministairs_5
D:4:      layout_layer_cave, temple_pool_b, gammafunk_ghost_stat_death
D:5:      layout_basic, saegor_snake_ambush, uniq_edmund
D:6:      layout_basic, lemuel_round_altar, lemuel_crystal_altar
D:7:      layout_basic, serial_shops, kennysheep_little_box,
          minmay_mini_ossuary, uniq_menkaure, uniq_pikel
D:8:      layout_loops_cross, hangedman_ru_absence, david_lair_shrubbed,
          minmay_crossroads
D:9:      layout_roguey, enter_bailey_5, nicolae_blasting_shop,
          minmay_microvault
D:10:     minmay_tri_box, layout_irregular_city, kennysheep_orc_sif_temple,
          kennysheep_dice, uniq_urug
D:11:     layout_gridville, orc_0_dummy, serial_shops,
          nicolae_shop_pleasant_corner_grove
D:12:     layout_roguey
D:13:     layout_big_octagon, laboratory
Temple:   nicolae_temple_bog_church

Skill      XL: |  1  2  3  4  5  6  7  8  9 10 11 12 |
---------------+-------------------------------------+-----
Fighting       | 1 2 3 4 5 7 10 | 10.7
Spellcasting   | 2 3 5 |  5.0
Summonings     | 4 5 6 7 8 |  8.0
Armour         | 2 4 5 6 |  6.0
Air Magic      | 1 2 4 |  4.0
Evocations     | 1 4 5 6 |  6.0
Polearms       | 4 6 |  6.0
Invocations    | 3 4 |  4.2
Axes           | 2 3 |  3.4
Dodging        | |  1.3
Stealth        | |  2.1

Action                     |  1- 3 |  4- 6 |  7- 9 | 10-12 || total
---------------------------+-------+-------+-------+-------++-------
  Melee: Unarmed           |    11 |       |       |       ||    11
         Short sword       |    93 |    10 |       |       ||   103
         Tailslap          |    19 |    16 |    41 |    33 ||   109
         Spear             |       |    55 |       |       ||    55
         Quarterstaff      |       |    95 |     8 |       ||   103
         Flail             |       |       |   115 |       ||   115
         Punch             |       |       |     1 |       ||     1
         Dire flail        |       |       |    45 |       ||    45
         Headbutt          |       |       |    20 |     4 ||    24
         Halberd           |       |       |     7 |   257 ||   264
  Throw: Dart              |       |       |       |    11 ||    11
   Cast: Summon Small Mamm |    40 |     3 |     2 |       ||    45
         Call Imp          |     7 |     4 |       |       ||    11
         Call Canine Famil |       |    29 |    54 |    12 ||    95
         Summon Lightning  |       |       |     5 |    58 ||    63
  Evoke: Wand              |       |       |     3 |    10 ||    13
    Use: Scroll            |       |     6 |     7 |     6 ||    19
         Potion            |       |       |     4 |     2 ||     6
   Stab: Sleeping          |     3 |     2 |       |       ||     5
         Distracted        |       |     1 |       |       ||     1
 Armour: Robe              |   104 |    46 |       |       ||   150
         Ring mail         |       |    71 |   218 |   319 ||   608
  Dodge: Dodged            |    71 |    56 |    97 |   141 ||   365

Table legend: (Time is in decaauts)
 A = Elapsed time spent in this place.
 B = Non-inter-level travel time spent in this place.
 C = Inter-level travel time spent in this place.
 D = Time resting spent in this place.
 E = Time spent auto-exploring this place.
 F = Levels seen in this place.
 G = Mean time per level.
                   A        B        C        D        E       F      G
               +--------+--------+--------+--------+--------+-----+--------+
         Total |  14778 |  14073 |    705 |   3301 |   7344 |  15 |  985.2 |
       Dungeon |  14150 |  13450 |    700 |   2915 |   7287 |  13 | 1088.5 |
        Temple |     12 |      7 |      5 |      0 |      0 |   1 |   12.0 |
        Bailey |    614 |    614 |      0 |    386 |     57 |   1 |  614.0 |
               +--------+--------+--------+--------+--------+-----+--------+

Top non-repeatable levels by time:
     D:1: 1990 daAuts
     D:8: 1853 daAuts
    D:10: 1429 daAuts
    D:12: 1373 daAuts
     D:7: 1222 daAuts
     D:5: 1168 daAuts
     D:6: 971 daAuts
     D:3: 887 daAuts
     D:9: 856 daAuts
     D:4: 737 daAuts
     D:2: 711 daAuts
  Bailey: 614 daAuts
    D:11: 610 daAuts
    D:13: 337 daAuts
  Temple: 12 daAuts
